 Dungeon Crawl Stone Soup version 0.28.0-55-gcd9437bce4 (webtiles) character file.

Game seed: 8502355302175893320

48 Ihaveafatcat the Covered (level 3, 0/33 HPs)
             Began as a Hill Orc Fighter on Jan 12, 2023.
             Slain by a gnoll
             ... wielding a +0 halberd
              (7 damage)
             ... on level 2 of the Dungeon.
             The game lasted 00:01:22 (1437 turns).

Ihaveafatcat the Covered (Hill Orc Fighter)         Turns: 1437, Time: 00:01:23

Health: 0/33       AC:  7    Str: 20    XL:     3   Next: 72%
Magic:  3/3        EV:  5    Int:  8    God:
Gold:   66         SH:  0    Dex: 10    Spells: 2/2 levels left

rFire   . . .      SeeInvis .   a - +0 war axe
rCold   . . .      Faith    .   c - +0 buckler
rNeg    . . .      Spirit   .   b - +0 scale mail
rPois   .          Reflect  .   (no helmet)
rElec   .          Harm     .   (no cloak)
rCorr   .          Rampage  .   (no gloves)
Will    .....                   (no boots)
Stlth   ..........              (no amulet)
HPRegen 0.11/turn               (no ring)
MPRegen 0.08/turn               (no ring)

@: held
A: no striking features
a: no special abilities


You were on level 2 of the Dungeon.
You visited 1 branch of the dungeon, and saw 2 of its levels.

You collected 66 gold pieces.

Inventory:

Hand Weapons
 a - a +0 war axe (weapon)
Armour
 b - a +0 scale mail (worn)
 c - a +0 buckler (worn)
Jewellery
 h - an amulet of faith
Scrolls
 e - 2 scrolls of blinking {unknown}
 f - a scroll of enchant weapon {unknown}
 g - a scroll of teleportation {unknown}
 i - 2 scrolls of fog {unknown}
 j - a scroll of identify {unknown}
Potions
 d - a potion of might


   Skills:
 + Level 3.9 Fighting
 + Level 3.6 Axes
 + Level 4.0 Armour
 + Level 3.7 Shields


You had 2 spell levels left.
You didn't know any spells.
Your spell library was empty.

Dungeon Overview and Level Annotations

Branches:
Dungeon (2/15)

Altars:


Message History

The frilled lizard closely misses you. The gnoll closely misses you.
There are monsters nearby!
You miss the frilled lizard.
The frilled lizard bites you but does no damage.
The gnoll barely misses you. The frilled lizard barely misses you.
There are monsters nearby!
You barely miss the frilled lizard.
A gnoll comes into view. It is wielding a +0 spear.
The gnoll hits you from afar with a +0 halberd.
The frilled lizard bites you but does no damage.
There are monsters nearby!
You are too injured to fight recklessly!
There are monsters nearby!
You are too injured to fight recklessly!
There are monsters nearby!
You are too injured to fight recklessly!
There are monsters nearby!
You are too injured to fight recklessly!
There are monsters nearby!
You are too injured to fight recklessly!
There are monsters nearby!
You are too injured to fight recklessly!
There are monsters nearby!
The gnoll shouts!
You hear a shout!
The gnoll closely misses you. The frilled lizard barely misses you.
Things that are here:
a +0 club; a goblin corpse You miss the frilled lizard.
You barely miss the gnoll. The gnoll closely misses you.
You block the frilled lizard's attack.
The gnoll throws a throwing net.
The throwing net hits you.
You become entangled in the net!
The gnoll hits you with a +0 halberd!
* * * LOW HITPOINT WARNING * * *
You tear a large gash into the net.
The frilled lizard bites you but does no damage.
The gnoll closely misses you.
You struggle against the net.
A gnoll comes into view. It is wielding a +0 halberd of venom.
The frilled lizard bites you but does no damage.
The gnoll hits you with a +0 halberd!
You die...

....... ..≈..... ≈≈
......... #
########≈##.≈.≈.... .
#.#......#≈≈≈≈≈≈≈≈≈≈≈
..##.#......# ≈≈≈≈≈≈≈≈≈≈
............####.≈≈...≈≈
.......)..........)≈≈.≈.
......g@................
.......l.###.........†..
g....g...# #............
.........###............
##########.......#######
########.#.#####
.........###
########.≈≈≈≈≈≈#
#########


You could see 3 gnolls and a frilled lizard.

Vanquished Creatures
  An adder (D:2)
  A dart slug (D:2)
  3 ball pythons
  3 endoplasms (D:1)
  3 giant cockroaches
  3 goblins
  2 hobgoblins (D:1)
  3 jackals (D:1)
  7 kobolds
  4 bats
  3 frilled lizards (D:1)
  3 rats
36 creatures vanquished.

Notes
Turn   | Place    | Note
-------+----------+-------------------------------------------
     0 | D:1      | Ihaveafatcat the Hill Orc Fighter began the quest for the
                  | Orb.
     0 | D:1      | Reached XP level 1. HP: 19/19 MP: 1/1
    41 | D:1      | Reached XP level 2. HP: 26/27 MP: 2/2
   644 | D:1      | Reached XP level 3. HP: 33/33 MP: 3/3
  1324 | D:2      | Reached skill level 4 in Armour
  1437 | D:2      | Slain by a gnoll

Illustrated notes

Levels and vault maps discovered:
D:1:      lemuel_arrival_cross, layout_basic
D:2:      minmay_general_purpose_star, layout_basic, serial_rivers,
          chequers_serial_rivers_large_b, chequers_serial_rivers_micro_d,
          chequers_serial_rivers_small_3, chequers_serial_rivers_large_a,
          uniq_jessica

Skill      XL: |  1  2  3 |
---------------+----------+-----
Axes           | 3 |  3.6
Armour         | 4 |  4.0
Fighting       | |  3.9
Shields        | |  3.7

Action                   || total
-------------------------++-------
Melee: War axe           ||    89
Armor: Scale mail        ||    49
Dodge: Dodged            ||    45
Block: Buckler           ||    18
